 Dungeon Crawl Stone Soup version 0.22-a0-406-g9ff8d77 (webtiles) character file.

5117 Borgoz the Fighter (level 10, -3/65 HPs)
             Began as a Gargoyle Fighter on May 8, 2018.
             Was a Follower of Ashenzari.
             Slain by a yak (10 damage)
             ... on level 10 of the Dungeon.
             The game lasted 00:15:10 (10104 turns).

Borgoz the Fighter (Gargoyle Fighter)              Turns: 10104, Time: 00:15:11

Health: -3/65      AC: 19    Str: 19    XL:     10   Next: 58%
Magic:  12/12      EV: 12    Int: 12    God:    Ashenzari [*.....]
Gold:   594        SH:  9    Dex: 12    Spells: 9/9 levels left

rFire    . . .     SeeInvis .   t - +0 broad axe (curse)
rCold    . . .     Gourm    .   c - +0 shield
rNeg     + . .     Faith    .   u - +5 ring mail of the Equator {Int+2} (curse)
rPois    ∞         Spirit   .   (no helmet)
rElec    +         Reflect  .   (no cloak)
rCorr    .         Harm     .   (no gloves)
MR       +....                  (no boots)
Stlth    +.........             w - amulet of rage
HPRegen  0.20/turn              g - ring of protection from magic
MPRegen  0.13/turn              E - +1 ring of evasion

@: about to teleport, berserk cooldown, slowed, very slow
A: negative energy resistance 1, electricity resistance, unbreathing,
petrification resistance, rot immunity, AC +7
a: Curse Item, Scrying, Renounce Religion, Evoke Berserk Rage


You were on level 10 of the Dungeon.
You worshipped Ashenzari.
Ashenzari was aware of your devotion.
You were not hungry.

You visited 2 branches of the dungeon, and saw 12 of its levels.

You collected 594 gold pieces.

Inventory:

Hand Weapons
 b - a +0 mace of protection
 j - a +3 quarterstaff of chaos
 t - a cursed +0 broad axe (weapon)
Missiles
 d - 2 throwing nets (quivered)
Armour
 c - a +0 shield (worn)
 u - the cursed +5 ring mail of the Equator (worn) {Int+2}
   (You found it on level 5 of the Dungeon)

   It affects your intelligence (+2).
   It has a curse placed upon it.
 H - the cursed +1 ring mail "Cipotsog" {rElec Int-3 Dex+3}
   (You found it on level 9 of the Dungeon)

   It affects your intelligence (-3).
   It affects your dexterity (+3).
   It insulates you from electricity.
   It has a curse placed upon it.
Jewellery
 g - a ring of protection from magic (left hand)
 k - a +5 ring of intelligence
 w - an amulet of rage (around neck)
 A - an uncursed amulet of magic regeneration
 E - a +1 ring of evasion (right hand)
Wands
 v - a wand of enslavement (12)
 B - a wand of flame (20)
Scrolls
 e - a scroll of immolation {unknown}
 i - 6 scrolls of teleportation
 m - 2 scrolls of remove curse
 o - 3 scrolls of fear {unknown}
 p - 2 scrolls of magic mapping {unknown}
 s - a scroll of noise {unknown}
 x - a scroll of random uselessness {unknown}
 y - a scroll of summoning {unknown}
 D - a scroll of torment {unknown}
Potions
 h - 9 potions of curing
 l - a potion of invisibility
 n - 3 potions of degeneration
 q - a potion of might
 r - a potion of agility {unknown}
 z - a potion of lignification
 C - a potion of flight {unknown}
 F - a potion of haste {unknown}
Comestibles
 f - 14 rations


   Skills:
 + Level 8.8 Fighting
 + Level 6.9 Axes
 + Level 8.8 Armour
 + Level 6.0 Dodging
 - Level 3.2 Shields
 + Level 3.8 Evocations


You had 9 spell levels left.
You didn't know any spells.

Dungeon Overview and Level Annotations

Branches:
Dungeon (11/15)            Temple (1/1) D:5            Lair (0/6) D:9
    Orc: D:9-12

Altars:
Ashenzari
Cheibriados
Dithmenos
Elyvilon
Fedhas
Gozag
Hepliaklqana
Kikubaaqudgha
Makhleb
Nemelex Xobeh
Okawaru
Qazlal
Ru
Sif Muna
Trog
Uskayaw
Vehumet
Wu Jian
Xom
Yredelemnul
Zin
The Shining One


Innate Abilities, Weirdness & Mutations

You are resistant to torment.
Your stone body is resilient. (AC +7)
You are immune to poison.
You resist negative energy. (rN+)
You are resistant to electric shocks. (rElec)
You can survive without breathing.
You are immune to petrification.
You are immune to rotting.


Message History

You miss something. Something hits you but does no damage.
You swing at nothing.
Something hits you but does no damage.
You miss something. Something hits you but does no damage.
You swing at nothing.
Something hits you but does no damage. x3
As you read the scroll labeled SARURCH KIHU, it crumbles to dust.
You feel strangely unstable.
It was a scroll of teleportation.
Something hits you but does no damage.
You slash something!
Your surroundings suddenly seem different.
A yak comes into view.
The yak bellows!
A yak comes into view.
The yak bellows!
The yak moves out of view.
The yak gores you!
* * * LOW HITPOINT WARNING * * *
The yak closely misses you. You block the yak's attack.
A yak comes into view.
As you read the scroll of teleportation, it crumbles to dust.
You feel strangely unstable. You block the yak's attack. The yak gores you!
You die...

#.# #.#
#.# #.#
#.# # #.#
##.#Y#
#..Y@#
.....Y###
###.. #.
#


You could see 3 yaks.

Vanquished Creatures
  Pikel (D:9)
  A centaur zombie (D:10)
  The ghost of Borgoz the Covered, a novice GrFi (D:5)
  A guardian mummy (D:11)
  Menkaure (D:7)
  3 orc warriors
  2 slaves (D:9)
  3 ice beasts
  4 sky beasts
  2 ogres
  A crocodile (D:4)
  A centaur (D:5)
  2 bullfrogs (D:8)
  2 scorpions
  2 howler monkeys
  3 wights (D:11)
  2 bullfrog zombies
  4 crimson imps
  4 lava snakes (D:7)
  A quasit (D:6)
  6 jellies
  2 centaur skeletons
  A gnoll shaman (D:6)
  Crazy Yiuf (D:2)
  3 hounds
  2 orc priests
  9 orc wizards
  2 bullfrog skeletons
  3 iguanas
  Jessica (D:2)
  Terence (D:2)
  Natasha (thrice) (D:2)
  9 worker ants
  2 hound zombies
  A howler monkey zombie (D:8)
  2 worker ant zombies (D:6)
  25 gnolls
  7 adders
  An adder zombie (D:5)
  5 worms
  3 dart slugs
  7 leopard geckos
  24 orcs
  16 giant cockroaches
  4 goblins
  5 hobgoblins
  25 jackals
  4 kobolds
  3 quokkas
  A ball python (D:5)
  6 bats
  3 frilled lizards
  2 quokka skeletons
  A quokka zombie (D:7)
  10 rats
241 creatures vanquished.

Notes
Turn   | Place    | Note
-------+----------+-------------------------------------------
     0 | D:1      | Borgoz the Gargoyle Fighter began the quest for the Orb.
     0 | D:1      | Reached XP level 1. HP: 14/14 MP: 1/1
   130 | D:1      | Reached XP level 2. HP: 19/19 MP: 2/2
   484 | D:1      | Reached XP level 3. HP: 23/23 MP: 3/3
   590 | D:1      | Reached skill level 1 in Dodging
   724 | D:2      | Noticed Terence
   747 | D:2      | Killed Terence
   747 | D:2      | Reached XP level 4. HP: 9/29 MP: 4/4
  1065 | D:2      | Noticed Jessica
  1072 | D:2      | Killed Jessica
  1153 | D:2      | Found a runed door.
  1361 | D:2      | Reached XP level 5. HP: 32/33 MP: 5/5
  1493 | D:2      | Noticed Natasha
  1498 | D:2      | Killed Natasha
  1685 | D:2      | Noticed Natasha
  1692 | D:2      | Killed Natasha
  1764 | D:2      | Noticed Crazy Yiuf
  1772 | D:2      | Killed Crazy Yiuf
  1937 | D:2      | Noticed Natasha
  1946 | D:2      | Killed Natasha
  1946 | D:2      | Reached XP level 6. HP: 25/39 MP: 6/6
  2151 | D:3      | Found a faded altar of an unknown god.
  2190 | D:3      | Found an iron altar of Okawaru.
  3401 | D:4      | Reached skill level 5 in Fighting
  3403 | D:4      | Reached skill level 5 in Armour
  3429 | D:4      | Reached XP level 7. HP: 44/44 MP: 7/7
  3559 | D:4      | Found a snail-covered altar of Cheibriados.
  3570 | D:4      | Noticed a dagger
  3570 | D:4      | Noticed a hand axe
  3969 | D:4      | Found a hide-covered altar of Uskayaw.
  4132 | D:5      | Entered Level 5 of the Dungeon
  4227 | D:5      | Got a fine ring mail
  4238 | D:5      | Identified the +5 ring mail of the Equator {Int+2} (You found it on level 5 of the Dungeon)
  4296 | D:5      | Reached XP level 8. HP: 16/51 MP: 8/8
  4772 | D:5      | Found a staircase to the Ecumenical Temple.
  4783 | Temple   | Entered the Ecumenical Temple
  4979 | Temple   | Became a worshipper of Ashenzari the Shackled
  5019 | D:5      | Noticed Borgoz's ghost (novice GrFi)
  5032 | D:5      | Killed Borgoz's ghost
  5032 | D:5      | Reached skill level 5 in Axes
  5625 | D:6      | Reached XP level 9. HP: 53/56 MP: 9/9
  5784 | D:6      | Found a white marble altar of Elyvilon.
  5878 | D:6      | HP: 1/57 [orc warrior/halberd (11)]
  6457 | D:6      | Found a shimmering altar of Xom.
  6457 | D:6      | Found a shimmering altar of Xom.
  6458 | D:6      | Found a shimmering altar of Xom.
  6755 | D:6      | Found a bloodstained altar of Trog.
  6953 | D:7      | Found a shadowy altar of Dithmenos.
  6956 | D:7      | Reached skill level 1 in Evocations
  7022 | D:7      | Found an opulent altar of Gozag.
  7120 | D:7      | Reached skill level 5 in Dodging
  7716 | D:7      | Reached * piety under Ashenzari
  7737 | D:7      | Noticed Menkaure
  7746 | D:7      | Killed Menkaure
  8250 | D:8      | Found a hazy altar of Hepliaklqana.
  8663 | D:9      | Reached XP level 10. HP: 64/64 MP: 11/11
  8923 | D:9      | Found a staircase to the Lair.
  9108 | D:9      | Noticed Pikel
  9121 | D:9      | Killed Pikel
  9240 | D:9      | Identified the cursed +1 ring mail "Cipotsog" {rElec Int-3 Dex+3}
  9280 | D:9      | Identified the +10 trident "Worm's Wrath" {flame, rF+ rC+ Str+6}
  9484 | D:10     | Entered Level 10 of the Dungeon
 10104 | D:10     | Slain by a yak

Vault maps used:
D:1:      dpeg_arrival_lava_altar
D:2:      minmay_roachtagon, uniq_terence, uniq_natasha, uniq_jessica,
          uniq_crazy_yiuf_cottage
D:3:      okawaru_ov_weapons_minmay, chequers_ecumenical_altar_simple_redux
D:4:      kennysheep_slug_shrine, dancing_weapons_uskayaw, grunt_ministairs_7
D:5:      minmay_temple_entry_grid, first_ration, minmay_misc_feat_pillars
D:6:      bloody_trog, elyvilon_altar_5, xom_redecorated
D:7:      kennysheep_little_box, lemuel_coloured_pillars_altar,
          kennysheep_boxes, uniq_menkaure
D:8:      lemuel_round_altar
D:9:      lair_entry_dummy, uniq_pikel
D:10:     david_orc_2, hangedman_stone_soup
D:11:     nicolae_trove_entry_path_of_doom, kennysheep_dice
Temple:   nicolae_temple_figure_eight

Skill      XL: |  1  2  3  4  5  6  7  8  9 10 |
---------------+-------------------------------+-----
Axes           | 2 3 4 5 6 |  6.9
Dodging        | 1 2 3 4 5 6 |  6.0
Armour         | 4 5 6 8 |  8.8
Fighting       | 4 5 6 8 |  8.8
Evocations     | 2 3 |  3.8
Shields        | |  3.2

Action                   |  1- 3 |  4- 6 |  7- 9 | 10-12 || total
-------------------------+-------+-------+-------+-------++-------
Melee: War axe           |    71 |   214 |   152 |       ||   437
       Broad axe         |       |       |   404 |   197 ||   601
Invok: Curse Item        |       |       |     2 |       ||     2
 Abil: Evoke Berserk Rag |       |       |     2 |     2 ||     4
  Use: Potion            |     1 |       |     2 |     2 ||     5
       Scroll            |       |       |     7 |     2 ||     9
  Eat: Chunk             |       |     8 |    17 |     4 ||    29
       Ration            |       |       |     1 |     1 ||     2
Armor: Scale mail        |    45 |   141 |    31 |       ||   217
       Ring mail         |       |       |   266 |   160 ||   426
Dodge: Dodged            |    14 |    89 |   254 |   104 ||   461
Block: Shield            |    45 |   146 |   279 |    97 ||   567

Table legend:
 A = Spawn XP
 B = Non-spawn XP
 C = Spawn XP percentage of total XP
 D = Spawn monster count
 E = Non-spawn monster count
 F = Spawn count percentage of total count
 G = Total turns spent on level
                    A         B        C        D         E        F      G
               +---------+---------+-------+---------+---------+-------+---------
         Total |       0 |    7310 |   0.0 |       0 |     239 |   0.0 | 10104
               +---------+---------+-------+---------+---------+-------+---------
           D:1 |       0 |      52 |   0.0 |       0 |      22 |   0.0 |   705
           D:2 |       0 |     288 |   0.0 |       0 |      33 |   0.0 |  1346
           D:3 |       0 |      79 |   0.0 |       0 |      21 |   0.0 |  1099
           D:4 |       0 |     575 |   0.0 |       0 |      17 |   0.0 |  1050
           D:5 |       0 |    1258 |   0.0 |       0 |      46 |   0.0 |  1459
           D:6 |       0 |     748 |   0.0 |       0 |      28 |   0.0 |  1025
           D:7 |       0 |     936 |   0.0 |       0 |      22 |   0.0 |  1276
           D:8 |       0 |     609 |   0.0 |       0 |      12 |   0.0 |   470
           D:9 |       0 |    1530 |   0.0 |       0 |      23 |   0.0 |   845
          D:10 |       0 |     527 |   0.0 |       0 |       4 |   0.0 |   357
          D:11 |       0 |     668 |   0.0 |       0 |      10 |   0.0 |   263
        Temple |       0 |      40 |   0.0 |       0 |       1 |   0.0 |   209
               +---------+---------+-------+---------+---------+-------+---------
